[Event "13th KIIT Festival-A 2022"]
[Site "Bhubaneswar"]
[Date "2022.05.24"]
[Round "3.15"]
[White "Mayank Chakraborty"]
[Black "Abdyjapar, Asyl"]
[Result "1/2-1/2"]
[ECO "B07"]
[WhiteElo "2015"]
[BlackElo "2346"]
[Annotator "TA"]
[PlyCount "116"]
[EventDate "2022.05.15"]
[EventType "swiss"]
[EventCountry "IND"]
[SourceTitle "playchess.com"]
[Source "ChessBase"]
[SourceQuality "1"]
[TimeControl "5400+30"]

1. e4 d6 2. d4 Nf6 3. Nc3 g6 4. Bg5 Bg7 5. Qd2 h6 6. Bf4 g5 {B07: Pirc Defence: Miscellaneous Systems.} 7. Be3 Ng4 8. O-O-O $1 {8.0-0-0 is better than 8.h4.} Nd7 {[#] White is slightly better.} 9. Kb1 $146 ({Predecessor:} 9. h4 Nxe3 10. Qxe3 g4 11. e5 c5 12. exd6 h5 13. dxe7 Qxe7 14. Qxe7+ Kxe7 15. Nd5+ {1-0 (40) Quesada Perez,L (2519)-Almeida Quintana,O (2536) Havana 2022}) 9... c5 (9... Nxe3 $14 {should be considered.} 10. fxe3 a6) 10. Nge2 $16 Nxe3 11. fxe3 b5 12. Nxb5 Rb8 13. Ng3 {White is more active.} Nf6 (13... a6 $16 {might work better.}) 14. e5 $18 (14. Nxa7 Qb6 15. Nb5 Bg4) 14... dxe5 15. dxc5 {[%csl Gd1][%cal Rd2d8] [#]} Qxd2 16. Rxd2 O-O 17. Nxa7 Be6 18. Nc6 Rb7 19. Nd8 (19. Nxe5 Nd5 20. Nc4 Nc3+ 21. Kc1 (21. Ka1 $2 Nxa2 22. Rd4 Nc3 $19) 21... Nxa2+ 22. Kd1 Rb5 $15) 19... Rd7 20. Rxd7 Bxd7 21. c6 Rxd8 22. cxd7 Rxd7 23. Be2 {[%emt 0:00:30] Prevents Rd1+.} e6 24. Rd1 Ra7 25. c4 Bf8 26. Rd8 Kg7 27. Nh5+ ({White should play} 27. a3 $16) 27... Nxh5 $14 28. Bxh5 {[%emt 0:00:30][%mdl 4096] Endgame KRB-KRB} e4 29. Rc8 {[%emt 0:00:30] Against Bc5} Bb4 30. Kc2 Bd6 31. c5 Bxh2 32. c6 f5 {[%emt 0:00:30] [#]} 33. b4 $1 {[%emt 0:00:30] Hoping for b5.} Rxa2+ 34. Kb3 Rxg2 (34... Ra1 $16) 35. c7 $18 Bxc7 36. Rxc7+ {[%emt 0:00:30] KRB-KR} Kf6 37. b5 {[%emt 0:00:30] b6 is the strong threat.} Rd2 $2 (37... Rg1 38. Kb2 Rg2+ 39. Kc1 Ra2) 38. b6 {[%emt 0:00:30] Intending b7 and mate.} Rd6 39. b7 Rb6+ 40. Kc4 g4 41. Kc5 Rb1 42. Be8 g3 43. Bb5 Rc1+ 44. Kb6 Rxc7 45. Kxc7 {KB-KP} g2 46. b8=Q Kg7 {[%emt 0:00:30] Prevents Qg8+.} 47. Qe8 $2 (47. Kd6 $18 {and White stays clearly on top. White wants to mate with Qa7+.} g1=Q 48. Qc7+ (48. Kxe6 Qxe3 49. Qc7+ Kg6 $11) 48... Kg8 49. Qc8+ Kh7 50. Qd7+ Kh8 51. Qe8+ Kh7 52. Qf7+ Kh8 53. Qf6+ Kh7 54. Be8) 47... g1=Q $16 48. Qe7+ (48. Qxe6 Qg3+ 49. Kc8 Qxe3 $16) 48... Kh8 49. Qf8+ (49. Qxe6 $16 Qxe3 50. Qe5+ (50. Qxf5 Qg5 $11) 50... Kh7 51. Qe7+ (51. Qxf5+ Kg7 $16) 51... Kh8 52. Qf8+ Kh7 53. Qf7+ (53. Qxf5+ Kg7 $16) 53... Kh8 54. Qf8+ (54. Qxf5 Qg5 $11) 54... Kh7 55. Qe7+ (55. Qxf5+ Kg7 $16) 55... Kh8 56. Qf8+) 49... Kh7 $11 {[%emt 0:00:30] The position is equal.} 50. Bd7 {[%emt 0:00:30] Strongly threatening Qf7+.} Qxe3 51. Qf7+ Kh8 52. Qf6+ Kh7 53. Bxe6 Qc5+ 54. Kd7 {[%emt 0:00:30] Threatening mate with Qf7+. The board is on fire.} Qb5+ 55. Ke7 {[%emt 0:00:30] Qf7+ would kill now.} Qc5+ 56. Kf7 Qc7+ 57. Ke8 Qc6+ 58. Ke7 Qc5+ {[%emt 0:00:30] Black escapes into a draw.  Weighted Error Value: White=0.22 (precise) /Black=0.35} 1/2-1/2

[Event "13th KIIT Festival-A 2022"]
[Site "Bhubaneswar"]
[Date "2022.05.24"]
[Round "3.16"]
[White "Rohith Krishna S"]
[Black "Bagwe Gaurang"]
[Result "1-0"]
[ECO "D18"]
[WhiteElo "2337"]
[BlackElo "1789"]
[Annotator "TA"]
[PlyCount "129"]
[EventDate "2022.05.15"]
[EventType "swiss"]
[EventCountry "IND"]
[SourceTitle "playchess.com"]
[Source "ChessBase"]
[SourceQuality "1"]
[TimeControl "5400+30"]

1. d4 d5 2. c4 c6 3. Nc3 Nf6 4. Nf3 dxc4 5. a4 Bf5 6. e3 e6 7. Bxc4 Nbd7 8. a5 {[%emt 0:03:43] D18: Slav Defence: 5 a4 Bf5 6 e3.} Bb4 9. Qb3 Bxa5 10. Qxb7 {[%emt 0:00:35][%cal Oa1a5] [#] Threatens to win with Rxa5! White is slightly better.} O-O 11. O-O {[%emt 0:04:36] [#]} Qc7 $146 ({Predecessor:} 11... c5 12. Qa6 Bc7 13. Nb5 Bb6 14. b3 Qb8 15. Bb2 Be4 16. Ne5 Bb7 17. Qa2 a6 18. Nxd7 Nxd7 {0-1 (30) Dolezal,C (2426)-Cuberli,E (2248) Buenos Aires 2017}) 12. Qa6 Bb4 13. h3 Rfe8 14. Bd2 Bd6 15. Rfc1 Rab8 16. b3 Rb7 17. Be1 Nb8 18. Qa2 Qe7 19. Qe2 Ne4 20. Nxe4 Bxe4 21. Nd2 Bg6 22. e4 (22. Ba6 $14 Nxa6 23. Qxa6) 22... Bf4 (22... e5 $11 {remains equal.}) 23. g3 $16 Bxd2 24. Bxd2 Qd7 25. Bc3 e5 26. dxe5 {[%emt 0:00:57] [#] aiming for Kh2.} Qxh3 27. Qe3 Nd7 28. f4 (28. Ra5 $16) 28... h6 $2 {[%emt 0:06:28] Black cannot hold the game after this.} ({Better is} 28... Nf6 $1 $14 29. Bf1 (29. exf6 Bxe4 30. Kf2 Qg2+ 31. Ke1 Rd7 $11) 29... Qh2+ 30. Kxh2 Ng4+ 31. Kg1 Nxe3) 29. Ra2 $18 {[%emt 0:02:26][%cal Ba1a2,Ba2h2,Bh2h4][%mdl 32] Active counter play!} Nf8 $2 (29... Nb6 30. Ba6 Rd7) 30. f5 Bh7 $2 (30... Bxf5 31. exf5 Qxf5) 31. Rh2 Qg4 32. Rh4 Qg5 33. Qxg5 hxg5 34. Rh5 Nd7 35. e6 fxe6 36. Bxe6+ Rxe6 37. fxe6 Nf8 38. e7 Rxe7 39. Bb4 Re8 40. Bxf8 Rxf8 41. Rxc6 Bxe4 {[%emt 0:00:27][%mdl 4096] Endgame KRR-KRB} 42. Rc7 Rf5 43. Rxa7 Rb5 44. Ra3 Bf3 (44... Bc2 $16 45. Rh2 Bxb3) 45. Rh2 g4 $2 (45... Rd5 46. Ra8+ Kf7) 46. Rb2 Rh5 {[%emt 0:00:07] White must now prevent ...Rh1+.} 47. Rd2 Rh1+ 48. Kf2 Rb1 49. Ke3 Kf7 (49... Re1+ {was worth a try.} 50. Kf2 Rb1) 50. Kf4 Re1 51. Ra7+ Ke6 52. Rd4 {[%emt 0:01:47] Inhibits Re4+. Hoping for Ra6+.} Rf1 53. Ra6+ Ke7 54. Ke5 {[%emt 0:00:35] Strongly threatening Ra7+.} Re1+ 55. Kf5 {[%emt 0:00:06] Ra7+ is the strong threat.} Kf8 56. Re6 Rh1 57. Rd8+ Kf7 58. Rd7+ Kf8 59. Kg5 {[%emt 0:00:32] Rd8+ would kill now.} Rh3 60. Rb6 {[%emt 0:00:05][%cal Rb6b8] White mates.} Kg8 61. Rg6 Rxg3 62. Rgxg7+ Kf8 63. Rdf7+ Ke8 64. Kf6 Bd5 65. Rg8# {[%emt 0:00:07] Weighted Error Value: White=0.16 (very precise) /Black=0.57} 1-0

[Event "13th KIIT Festival-A 2022"]
[Site "Bhubaneswar"]
[Date "2022.05.24"]
[Round "3.17"]
[White "Ashvath Mittal"]
[Black "Konguvel, Ponnuswamy"]
[Result "0-1"]
[ECO "B76"]
[WhiteElo "1419"]
[BlackElo "2331"]
[Annotator "TA"]
[PlyCount "60"]
[EventDate "2022.05.15"]
[EventType "swiss"]
[EventCountry "IND"]
[SourceTitle "playchess.com"]
[Source "ChessBase"]
[SourceQuality "1"]
[TimeControl "5400+30"]

1. e4 c5 2. Nf3 Nc6 3. d4 cxd4 4. Nxd4 g6 5. Nc3 Bg7 6. Be3 Nf6 7. f3 O-O 8. Nb3 d6 9. Qd2 a6 {[%emt 0:11:45] B76: Sicilian Dragon: Yugoslav Attack, 9 g4 and 9 0-0-0.} 10. a4 Be6 {[%emt 0:04:53] [#]} 11. Nd4 $146 ({Predecessor:} 11. Nd5 Bxd5 12. exd5 Ne5 13. a5 Rc8 14. Ra4 Qd7 15. Rb4 e6 16. c4 exd5 17. cxd5 {0-1 (39) Pasalic,E (2053)-Fercec,N (2487) Porec 2007}) 11... Nxd4 {[%emt 0:05:59] Black has an edge.} 12. Bxd4 Rc8 13. g4 Qa5 14. Ne2 Qxd2+ 15. Kxd2 d5 16. g5 Nd7 17. c3 dxe4 18. fxe4 Nc5 $36 {[%emt 0:05:03][%mdl 2048] Keeping White busy.} 19. Ke3 Bd7 {[%emt 0:04:11] Black is more active.} 20. a5 {[%emt 0:15:21] [#]} Nxe4 $1 21. Bg2 (21. Kxe4 Bc6+) 21... Nd6 ({Inferior is} 21... Nxg5 22. Bxg7 Kxg7 23. h4 $15) 22. Rhd1 (22. Kf2 $17) 22... Bc6 23. Bh3 (23. Bxc6 $17 {keeps fighting.} Rxc6 24. Kd3) 23... Rcd8 {[%emt 0:02:09] aiming for ...Nc4+.} 24. b3 Ne4 25. Rg1 (25. Bxg7 Kxg7 26. Bg2 Nxg5 27. Bxc6 bxc6 28. Nf4) 25... Bxd4+ $2 (25... e5 26. Bb6 {[#]} f5 $1 27. Bxd8 f4+ 28. Kf3 Nxg5+ 29. Kg4 Nf3) 26. cxd4 (26. Nxd4 $142 Nxc3 27. Nxc6 bxc6 28. Bf1) 26... Nd6 27. Rad1 Bd7 28. Bg2 Bg4 29. d5 Rc8 30. Rc1 Nf5+ {[%emt 0:00:17] White got outplayed after the opening.  Weighted Error Value: White=0.44/Black=0.41} 0-1

[Event "13th KIIT Festival-A 2022"]
[Site "Bhubaneswar"]
[Date "2022.05.24"]
[Round "3.18"]
[White "Karthikeyan, P.."]
[Black "Harini, S.."]
[Result "1/2-1/2"]
[ECO "C92"]
[WhiteElo "2361"]
[BlackElo "2021"]
[Annotator "TA"]
[PlyCount "31"]
[EventDate "2022.05.15"]
[EventType "swiss"]
[EventCountry "IND"]
[SourceTitle "playchess.com"]
[Source "ChessBase"]
[SourceQuality "1"]
[TimeControl "5400+30"]

1. e4 e5 2. Nf3 Nc6 3. Bb5 a6 4. Ba4 Nf6 5. O-O Be7 6. Re1 b5 7. Bb3 d6 8. c3 O-O 9. h3 Bb7 10. d4 Re8 {[%emt 0:00:25] [#]} 11. Ng5 $146 ({Predecessor:} 11. Nbd2 Bf8 12. a4 exd4 13. cxd4 Na5 14. Bc2 b4 15. b3 g6 16. Bb2 d5 17. e5 Nh5 18. Nf1 Rc8 19. Ne3 c5 20. dxc5 Rxc5 21. Ng4 Nc6 22. Qd2 d4 {1-0 (65) Giri,A (2772)-Le,Q (2709) chess24.com INT 2022}) 11... Rf8 12. Nf3 Re8 13. Ng5 Rf8 14. Nf3 Re8 15. Ng5 Rf8 16. Nf3 {[%emt 0:00:32] 16.Nf3 was played by the boomers.} 1/2-1/2

[Event "13th KIIT Festival-A 2022"]
[Site "Bhubaneswar"]
[Date "2022.05.24"]
[Round "3.19"]
[White "Arpita, Mukherjee"]
[Black "Velpula Sarayu"]
[Result "1/2-1/2"]
[ECO "A45"]
[WhiteElo "2275"]
[BlackElo "1845"]
[Annotator "TA"]
[PlyCount "148"]
[EventDate "2022.05.15"]
[EventType "swiss"]
[EventCountry "IND"]
[SourceTitle "playchess.com"]
[Source "ChessBase"]
[SourceQuality "1"]
[TimeControl "5400+30"]

1. d4 Nf6 2. Bf4 g6 3. Nc3 d5 4. e3 Bg7 5. h4 h5 6. Nf3 {[%emt 0:00:35] A45: Trompowsky Attack.} O-O 7. Be2 c5 8. dxc5 Qa5 9. O-O Qxc5 10. Nb5 a6 {[%emt 0:01:04] [#]} 11. Nbd4 $146 (11. Nc7 $5 Ra7 12. a3 $11) ({Predecessor:} 11. Nc7 Ra7 12. Nb5 axb5 13. Bxb8 Ra8 14. Be5 b4 15. Bd4 Qa5 16. c3 Bg4 17. Qb3 bxc3 18. Bxc3 {½-½ (42) Naiditsch,A (2702)-Carlsen,M (2838) Karlsruhe/Baden-Baden 2017}) 11... Ng4 (11... Bg4 $15) 12. Nb3 $11 Qc6 13. c3 (13. c4 $5) 13... e5 14. Bg3 Rd8 15. c4 d4 16. exd4 exd4 17. Bd3 (17. Nbxd4 Bxd4 18. Nxd4 Qf6 $11) ({White should try} 17. Ng5 $1 $16) 17... Qf6 18. Nc5 Qb6 (18... Nd7 $11 19. Ne4 Qc6) 19. Na4 $16 Qc6 20. Re1 ({Better is} 20. c5 $16 {Strongly threatening Nb6.} Nd7 21. Re1) 20... Bf5 $1 $11 21. Bxf5 gxf5 22. Ne5 Bxe5 23. Bxe5 Nd7 (23... Re8 $2 24. Bxd4 Nd7 25. Qd2 $1 $16 (25. Rxe8+ Rxe8 26. f3 Ne3 $16)) 24. Bf4 (24. Bxd4 $11 Nf8 25. f3) 24... b5 (24... Qxc4 25. Rc1 Qxa2 26. f3 $14) 25. cxb5 (25. f3 Ne3 26. Bxe3 (26. Qxd4 Nc2 $17) 26... dxe3 $17) 25... axb5 26. Rc1 Qf6 27. Nc5 Qxh4 28. Qf3 {[%emt 0:00:50] Hoping for Bg3. Active counter play!} Nxc5 29. Rxc5 Re8 (29... d3 $11 30. Rxf5 Rxa2) 30. Rd1 $2 (30. Rf1 $1 $16 {is forced if you want to stay better.} Qf6 31. Bg3) 30... Qe7 $1 $19 ({Don't take} 30... Rxa2 31. Rxf5 (31. Bg3 $2 Qe7 $19) 31... Ra6 32. Rf1 $16 (32. Rxb5 Rae6 $11) (32. Bg3 Qe7 $17)) 31. Rcc1 Rxa2 32. Bg3 {[%emt 0:08:17] [#]} Rxb2 $2 (32... h4 $1 $19 33. Bc7 Qe6) 33. Qxf5 $11 Re2 {[%emt 0:00:08][%cal Oe2e1] ( -> ...Re1+!)} 34. Rf1 {[%emt 0:00:27] Prevents Re1.} Qe6 (34... Ne5 $15 35. Qxh5 d3) 35. Qxh5 Qg6 36. Qxb5 Qh6 {[%emt 0:00:07] [#]} (36... Qe4 $11 {keeps the balance.}) 37. Rc5 $1 $16 {[%emt 0:01:04] Black must now prevent Rg5+.} f6 {[%emt 0:00:13] Prevents Rg5+.} 38. Qc4+ Kh8 39. Qf7 {[%emt 0:01:13] Threatens to win with Rh5. Really sharp!} R2e7 40. Qh5 Re1 41. Qxh6+ ({But not} 41. f3 Rxf1+ 42. Kxf1 Ne3+ 43. Ke2 Qxh5 44. Rxh5+ Kg7 $11) 41... Nxh6 42. Rd5 R1e4 43. f3 Re2 44. Bh4 Kg7 45. Rxd4 Nf5 46. Rg4+ Kf7 47. Bf2 Ne3 48. Bxe3 R8xe3 $11 {[%emt 0:00:04][%mdl 4096] Endgame KRR-KRR} 49. Rc1 Re1+ 50. Rxe1 Rxe1+ {[%emt 0:00:03] KR-KR} 51. Kf2 Ra1 52. Kg3 Ke6 53. Rb4 Ra2 54. Kh3 Ra3 55. Kg4 Kf7 56. f4 Kg6 57. Rb6 Ra5 58. Rb7 Ra4 59. g3 Ra5 60. Rb8 Ra4 61. Rc8 Ra5 62. f5+ Kg7 63. Rc7+ Kh6 {[%emt 0:00:07] The position is equal.} 64. Rc4 Ra1 65. Rd4 Rb1 66. Rf4 Ra1 67. Kh4 Rh1+ 68. Kg4 Ra1 69. Rb4 Rc1 70. Kf4 Rf1+ 71. Kg4 Ra1 72. Rc4 Rb1 73. Rd4 Ra1 74. Rc4 Rb1 {[%emt 0:00:04] Weighted Error Value: White=0.22 (precise) /Black=0.19 (very precise)} 1/2-1/2

[Event "13th KIIT Festival-A 2022"]
[Site "Bhubaneswar"]
[Date "2022.05.24"]
[Round "4.1"]
[White "Amonatov, Farrukh"]
[Black "Laxman, R.R."]
[Result "1-0"]
[ECO "C92"]
[WhiteElo "2622"]
[BlackElo "2420"]
[Annotator "TA"]
[PlyCount "83"]
[EventDate "2022.05.15"]
[EventType "swiss"]
[EventCountry "IND"]
[SourceTitle "playchess.com"]
[Source "ChessBase"]
[SourceQuality "1"]
[TimeControl "5400+30"]

1. e4 e5 2. Nf3 Nc6 3. Bb5 a6 4. Ba4 Nf6 5. O-O Be7 6. Re1 b5 7. Bb3 O-O 8. h3 d6 9. c3 a5 10. a4 b4 11. d4 bxc3 12. bxc3 exd4 {[%emt 0:00:09] C92: Closed Ruy Lopez: 9...Be6, Karpov and Flohr-Zaitsev Variations.} 13. cxd4 d5 14. exd5 Nxd5 {[%emt 0:01:04] White is slightly better.} 15. Bxd5 (15. Bd2 {feels stronger.}) 15... Qxd5 $11 16. Nc3 Qd8 17. Bf4 {[%emt 0:02:35] [#]} Nb4 $146 ({Predecessor:} 17... Bf5 18. Nb5 Bd6 19. Bxd6 cxd6 20. d5 Nb4 21. Nfd4 Bd7 22. Ne6 fxe6 23. dxe6 Re8 24. exd7 Rxe1+ 25. Qxe1 Qxd7 {½-½ (48) Holmsten,A (2420)-Kotan,L (2350) Cairo 2002}) 18. Rc1 c6 19. Ne5 Be6 {[%emt 0:05:04] [#]} 20. Nxc6 $1 Nxc6 21. d5 Ba3 ({Much less strong is} 21... g5 22. Bg3 $16) (21... Rc8 $1 $11) 22. dxc6 $16 {[%emt 0:02:31] c7 is the strong threat.} Bxc1 23. Qxc1 Qd4 24. Be5 {[%emt 0:07:49][%mdl 1024] White has strong compensation. White is more active.} Qd3 25. c7 f6 26. Bg3 Qc4 27. Ne4 Qxc1 28. Rxc1 f5 {[%emt 0:02:51] [#]} (28... Kf7 $16 {keeps fighting.}) 29. Nd6 $1 $18 f4 30. Bh4 Ra6 (30... f3 $142 31. Rb1 fxg2) 31. Be7 Rfa8 32. Rb1 {[%emt 0:01:37] And now Rb8+ would win.} h6 33. Rb8+ Kh7 34. h4 {[%emt 0:11:16] Threatens to win with Bf8.} f3 (34... R8a7 $16 {might work better.}) 35. gxf3 R8a7 36. Nb5 Rc6 {[%emt 0:00:09] [#]} 37. Bd6 ({Not} 37. Nxa7 Rxc7 38. Nb5 Rxe7 $14) 37... Raa6 38. Be5 {[%emt 0:00:00] Strongly threatening Nd4.} Rc4 39. Nd4 {[%emt 0:00:00] Inhibits Rac6.} Bd7 (39... Kg6 {was called for.} 40. f4 Rxd4) 40. Rd8 Rg6+ (40... Bxa4 $142 41. f4 Rc1+ 42. Kh2 Ra7) 41. Kh2 Be6 42. Bg3 {[%emt 0:00:00] Weighted Error Value: White=0.05 (flawless) /Black=0.27 (precise)} 1-0

[Event "13th KIIT Festival-A 2022"]
[Site "Bhubaneswar"]
[Date "2022.05.24"]
[Round "4.2"]
[White "Fedorov, Alexei"]
[Black "Azaladze, Shota"]
[Result "0-1"]
[ECO "A48"]
[WhiteElo "2529"]
[BlackElo "2420"]
[Annotator "TA"]
[PlyCount "56"]
[EventDate "2022.05.15"]
[EventType "swiss"]
[EventCountry "IND"]
[SourceTitle "playchess.com"]
[Source "ChessBase"]
[SourceQuality "1"]
[TimeControl "5400+30"]

1. e4 g6 2. d4 Bg7 3. c3 d6 4. Bg5 Nd7 5. Nd2 Ngf6 6. Ngf3 h6 7. Bh4 {[%emt 0:00:09] A48: 1 d4 Nf6 2 Nf3 g6: Torre, London and Colle Systems.} e5 8. dxe5 dxe5 9. Be2 {[%emt 0:03:39] The position is equal.} Qe7 10. O-O {[%emt 0:02:00] [#]} g5 $146 ({Predecessor:} 10... O-O 11. Qc2 Re8 12. Nc4 Qf8 13. Ne3 c6 14. Nd2 Nc5 15. Rfd1 Ne6 16. Ndc4 Nf4 17. Bf1 Ng4 18. Nd6 g5 19. Nxe8 Qxe8 {1-0 (49) Paehtz,E (2456)-Linares Napoles,O (2255) Chess.com INT 2021}) 11. Bg3 h5 12. h4 (12. Nxg5 h4 13. Bc4 hxg3 14. Bxf7+ Kf8 15. fxg3 Bh6 $17) 12... g4 13. Ng5 Ng8 (13... Bh6 $11) 14. Bc4 ({White should try} 14. f4 $1 $16 ) 14... Nh6 $11 15. f4 exf4 16. Bxf4 O-O $1 17. e5 Nxe5 {[%emt 0:02:46][%cal Bd7e5,Be5g6,Bg6f4][%mdl 32] White must now prevent ...Qc5+.} 18. Qb3 {[%emt 0:05:18] [#]} (18. Bb3 $11 {remains equal.}) 18... Qc5+ $1 $17 19. Kh1 Bf5 (19... Nxc4 $17 20. Nxc4 (20. Qxc4 Qxc4 21. Nxc4 Re8 $17) 20... Bf5) 20. Bd5 $1 $15 {[%emt 0:05:32] Hoping for Bxe5.} (20. Bxe5 Qxe5 21. Qxb7 Rab8 $17) 20... Rad8 $36 {[%emt 0:05:10][%mdl 2048] Black has good play.} 21. c4 (21. Bxb7 $15 Qb6 22. Nge4) 21... c6 ({Black should play} 21... Qb6 $17 {And now ...Nd3 would win.} 22. Nge4 Bg6) 22. Be4 {[%emt 0:07:30] Now White is beyond hope.} (22. Nge4 $1 $11 {and White is okay.} Bxe4 23. Nxe4) 22... Ng6 23. Bxf5 (23. Be3 $142 Qe5 24. Rae1) 23... Nxf4 $19 ({Inferior is} 23... Nxf5 24. Nge4 Qd4 25. Bg5 Ngxh4 26. Rae1 (26. Bxd8 $2 Qxd8 27. g3 Nd4 $19)) ({Weaker is} 23... Qxf5 {[#]} 24. Bd6 $1 Rxd6 25. Rxf5 Nxf5 26. Nde4 $11) 24. Bh7+ Kh8 25. Qc2 $2 (25. Nde4 {was worth a try.} Qe5 26. Rae1) 25... Qe3 {[%emt 0:01:54] Black is clearly winning.} 26. Nde4 f5 27. Qf2 Qxf2 28. Nxf2 Nf7 {[%emt 0:02:25] Weighted Error Value: White=0.58/Black=0.19 (very precise)} 0-1

[Event "13th KIIT Festival-A 2022"]
[Site "Bhubaneswar"]
[Date "2022.05.24"]
[Round "4.3"]
[White "Audi Ameya"]
[Black "Savchenko, Boris"]
[Result "1/2-1/2"]
[ECO "B84"]
[WhiteElo "2389"]
[BlackElo "2524"]
[Annotator "TA"]
[PlyCount "138"]
[EventDate "2022.05.15"]
[EventType "swiss"]
[EventCountry "IND"]
[SourceTitle "playchess.com"]
[Source "ChessBase"]
[SourceQuality "1"]
[TimeControl "5400+30"]

1. e4 c5 2. Nf3 d6 3. d4 cxd4 4. Nxd4 Nf6 5. Nc3 a6 6. Be3 Ng4 7. Bc1 Nf6 8. Be3 Ng4 9. Bc1 Nc6 10. Be2 Nf6 11. Be3 e6 12. Qd2 Be7 13. O-O-O O-O 14. f3 Nxd4 15. Bxd4 b5 {[%emt 0:01:17] B84: Sicilian Scheveningen: 6 Be2 a6, lines without early Be3.} 16. a3 {[%emt 0:03:51] [#]} Ne8 $146 (16... Bd7 $11) ({Predecessor:} 16... Bb7 17. g4 Rc8 18. g5 Nd7 19. h4 Ne5 20. Qe3 Qc7 21. Rhg1 Rfe8 22. h5 Bf8 23. h6 g6 24. f4 Nc4 25. Bxc4 Qxc4 26. Bg7 Be7 27. Qb6 {½-½ (41) Svenn,M (2214)-Callergard,R (2317) Sweden 2011}) 17. h4 $14 Bd7 {[%emt 0:00:11] White is slightly better.} 18. h5 Nc7 (18... h6 $14) 19. h6 $16 g6 20. Bb6 $36 {[%emt 0:00:24][%mdl 2048] White is really pushing.} Qb8 21. Ba5 (21. Qd4 e5 22. Bxc7 Qxc7 $14) 21... Rc8 22. f4 (22. Qd4 e5 23. Qf2 Bc6 $14) 22... d5 (22... b4 $16 {is a better defense.}) 23. exd5 (23. Qd4 $6 Ne8 $14) 23... Nxd5 24. Nxd5 (24. Qd4 Bf6 25. Qd2 Bxc3 26. Bxc3 Qxf4 $15) 24... exd5 25. Qd4 (25. Qxd5 Qxf4+ 26. Bd2 (26. Qd2 Qxd2+ 27. Bxd2 Bc6 $11) 26... Qf5 27. Qxf5 Bxf5 $11) 25... Bf8 {[%emt 0:00:06] Against Qg7+} 26. Bc3 (26. Qxd5 $6 Qxf4+ 27. Qd2 Qxd2+ 28. Rxd2 Bc6 $11) (26. g4 $16) 26... Rxc3 $1 $14 27. Qxc3 Qxf4+ 28. Qd2 Qc7 29. Qxd5 Rc8 30. c3 (30. Qd2 $14) 30... Bf5 {[%emt 0:00:23][%cal Of8a3] Threatens to win with ...Bxa3!} 31. Qd4 Qg3 32. Bd3 Bxh6+ 33. Kb1 Bg7 34. Qd5 Be6 35. Qb7 h5 (35... a5 $5 ) 36. Be4 (36. Qxa6 Bxc3 37. bxc3 Rxc3 38. Qa8+ Kg7 $17) (36. Bc2 $5 ) 36... Bxc3 {[%emt 0:09:33] This bishop pair is nice.} 37. Rc1 $1 {[%emt 0:02:14][%mdl 64] Pin} (37. bxc3 Rxc3 38. Bc2 (38. Qxa6 Rb3+ 39. Kc1 Qf4+ 40. Rd2 Qxe4) (38. Rd8+ $2 Kg7 $19) 38... Bf5 39. Rd8+ Kg7 $19) (37. Rd3 $2 Qf2 $1 38. Rxc3 Rxc3 39. bxc3 Qa2+ 40. Kc1 Qa1+ 41. Kd2 (41. Bb1 $2 Qxc3+ 42. Bc2 Bf5 $19) 41... Qxh1 $19) 37... Kg7 {[%emt 0:04:28][%cal Oc3b2] ...Bxb2! is the strong threat.} 38. Rxc3 Rxc3 39. bxc3 Qxc3 40. Qc6 (40. Qxa6 $2 Qb3+ 41. Kc1 Qe3+ 42. Kb2 Qxe4 $19) 40... Qb3+ (40... Qxa3 41. Qc2 $16) 41. Kc1 {[%emt 0:00:02] Black must now prevent Qc5.} Qxa3+ 42. Kd2 {[%emt 0:00:26] aiming for Qc3+.} Bc4 43. Rb1 {[%emt 0:02:09] Against Qb2+} Qa2+ 44. Kc3 a5 (44... Qe2 $11 {remains equal.} 45. Kb4 Qd2+ 46. Kc5 Qe3+ 47. Kb4 Qd2+ 48. Kc5 Qe3+ 49. Kb4 Qd2+) 45. Qd6 $16 Kh7 46. Qc5 {[%emt 0:01:11] Active counter play!} ({White should play} 46. Rh1 $16 {And now Rxh5+ would win.} Be2 47. Qe5) 46... Qe2 $11 47. Qe5 Qe3+ 48. Kb2 Qe2+ 49. Kc3 a4 (49... f5 $11 {keeps the balance.} 50. Qc7+ Kh6 51. Qf4+ Kh7 52. Qc7+ Kh6 53. Qf4+ Kh7 54. Qc7+) 50. Rh1 $1 $16 (50. Qd4 $6 a3 $11) 50... Kg8 (50... Qe3+ $142 51. Kb4 Kg8) 51. Kb4 (51. Qd4 $142 $1) 51... Qd2+ 52. Kc5 {[%emt 0:00:02] Strongly threatening Bd5.} a3 $1 ({Weaker is} 52... Qd8 53. Bd5 $16) 53. g4 (53. Bd5 $1 $14 Bxd5 54. Qxd5 Qc3+ 55. Kd6 (55. Kxb5 Qb2+ 56. Kc5 a2 $14)) 53... h4 $2 {[%emt 0:00:13] [#]} (53... Qd8 $2 54. gxh5 Qf8+ 55. Kd4 Qd8+ 56. Kc3 Qa5+ 57. Kc2 Qa4+ 58. Kd2 Qb4+ 59. Ke3 $18) (53... Qe3+ $1 $11 {and Black has nothing to worry.} 54. Kc6 Bd3 55. Qe8+ Kg7 56. Qe5+ Kg8 57. Qe8+ Kg7 58. Qe5+ Kg8) 54. g5 $2 (54. Rh3 $1 $18 Qf2+ 55. Kb4 (55. Kc6 b4 $11) 55... Qd2+ 56. Kxa3) 54... a2 $11 55. Qe8+ Kg7 56. Qe5+ Kg8 57. Kc6 {[%emt 0:00:42] Dancing on a razor blade.} Qd8 58. Rxh4 f6 $2 (58... Qc8+ $11 59. Kb6 Qe6+ 60. Qxe6 Bxe6) 59. gxf6 $18 Bf7 {[%emt 0:00:31] [#]} 60. Rh1 $1 Qc8+ 61. Kb6 b4 62. Qc7 $2 (62. Bc6 {mates} b3 63. Qh2 Qd8+ 64. Kb7 Qxf6 65. Qb8+ Be8 66. Qxe8+ Kg7 67. Bd5) 62... Qxc7+ $11 {[%emt 0:00:29] The position is equal.} 63. Kxc7 b3 {[%emt 0:00:07] ( -> ...b2)} 64. Ra1 $1 b2 (64... g5 $5 65. Rd1 Bh5 66. Bd5+ Bf7 $11) 65. Rxa2 $1 Bxa2 66. Bxg6 b1=B 67. f7+ Kf8 68. Bxb1 Bxb1 69. Kd6 Kxf7 {[%emt 0:00:05] Weighted Error Value: White=0.15 (very precise) /Black=0.33} 1/2-1/2